 Dungeon Crawl Stone Soup version 0.21.1-1-g345015f (webtiles) character file.

60 grindst0ne the Fighter (level 3, 0/37 HPs)
             Began as a Demonspawn Chaos Knight on Mar 4, 2018.
             Slain by a howler monkey (1 damage)
             ... on level 1 of the Dungeon.
             The game lasted 00:02:37 (1120 turns).

grindst0ne the Fighter (Demonspawn Chaos Knight)    Turns: 1120, Time: 00:02:38

Health: 0/37       AC:  7    Str: 13    XL:     3   Next: 82%
Magic:  3/3        EV:  8    Int: 18    God:    Xom [*.....]
Gold:   28         SH:  0    Dex: 12    Spells: 2/2 levels left

rFire    . . .     SeeInvis .   a - +0 hand axe (chaos)
rCold    . . .     Gourm    .   (no shield)
rNeg     . . .     Faith    .   d - +0 scale mail
rPois    .         Spirit   .   (no helmet)
rElec    .         Reflect  .   (no cloak)
rCorr    .         Harm     .   (no gloves)
MR       .....                  i - +0 pair of boots
Stlth    ..........             e - amulet of rage
HPRegen  0.12/turn              (no ring)
MPRegen  0.08/turn              (no ring)

@: brilliant, drained
A: talons 1, deterioration 1, wild magic 1
a: Renounce Religion, Evoke Berserk Rage


You were on level 1 of the Dungeon.
You worshipped Xom.
You were a special plaything of Xom.
You were not hungry.

You visited 1 branch of the dungeon, and saw 2 of its levels.

You collected 28 gold pieces.

Inventory:

Hand Weapons
 a - a +0 hand axe of chaos (weapon)
Armour
 b - a +2 leather armour
 d - a +0 scale mail (worn)
 i - a +0 pair of boots (worn)
Jewellery
 e - an amulet of rage (around neck)
Scrolls
 f - a scroll of identify {unknown}
 j - a scroll of magic mapping {unknown}
 l - a scroll of remove curse {unknown}
Comestibles
 c - 2 rations
 m - 2 chunks of flesh


   Skills:
 + Level 8.2(7.0) Fighting
 - Level 2.6(1.6) Axes
 - Level 1.7(0.7) Armour
 - Level 0.8(0.0) Dodging


You had 2 spell levels left.
You didn't know any spells.

Dungeon Overview and Level Annotations

Branches:
Dungeon (2/15)

Altars:

Annotations:
D:2 Sigmund


Innate Abilities, Weirdness & Mutations

You have sharp toenails.
Your body sometimes deteriorates upon taking damage.
Your spells are a little harder to cast, but a little more powerful.


Message History

You hear a tremendous hooting and howling!
Something hits you but does no damage. Something hits you.
* * * LOW HITPOINT WARNING * * *
Something hits you but does no damage.
You hear a tremendous hooting and howling!
A howler monkey appears from thin air!
Reactivating autopickup.
The howler monkey hits you.
* * * LOW HITPOINT WARNING * * *
You aren't carrying any potions.
Okay, then. "You need some minor improvements, mortal!"
Your body is suffused with distortional energy.
You feel yourself wasting away.
You feel clumsy.
The howler monkey hits you but does no damage.
You barely miss the howler monkey.
The howler monkey is severely wounded.
The howler monkey hits you.
You die...

..# #.##....# #.# ..#
#.######### #.# ..#
#.........# #.# ..#
#########.####.#
.########### #.##...#
.#.........####.##.###
...........'....#....#
##.........######h####
...#'#####..#...@.#
####.# #..#.#####
####.#####.##.#
...#..........#
.#.#######.####
.#...........#
.#########.#.#
.........#.#.#
########.#.#.#


You could see a howler monkey.

Vanquished Creatures
  A gnoll (D:1)
  An adder (D:1)
  A leopard gecko (D:1)
  A ball python (D:1)
  A giant cockroach (D:1)
  3 goblins (D:1)
  5 hobgoblins (D:1)
  3 kobolds (D:1)
  A quokka (D:2)
  5 bats (D:1)
  2 frilled lizards (D:1)
  3 rats (D:1)
27 creatures vanquished.

Vanquished Creatures (collateral kills)
  A rat (D:1)
1 creature vanquished.

Grand Total: 28 creatures vanquished

Notes
Turn   | Place    | Note
-------+----------+-------------------------------------------
     0 | D:1      | grindst0ne the Demonspawn Chaos Knight began the quest for the Orb.
     0 | D:1      | Reached XP level 1. HP: 18/18 MP: 1/1
    87 | D:1      | XOM: potion effect (experience)
    87 | D:1      | Reached skill level 8 in Fighting
    87 | D:1      | Gained mutation: You have sharp toenails. [demonic ancestry]
    87 | D:1      | Reached XP level 2. HP: 32/32 MP: 2/2
    92 | D:1      | Reached XP level 3. HP: 35/37 MP: 3/3
   164 | D:1      | XOM: harmless Tloc miscast
   216 | D:1      | XOM: give mutations
   216 | D:1      | Gained mutation: You are weak. (Str -2) [Xom's mischief]
   216 | D:1      | Gained mutation: You are dopey. (Int -2) [Xom's mischief]
   346 | D:1      | XOM: polymorph rat -> adder
   422 | D:1      | XOM: draining
   497 | D:1      | XOM: harmless Hex miscast
  1074 | D:2      | XOM: noise
  1079 | D:2      | Noticed Sigmund
  1086 | D:2      | Lost mutation: You are weak. (Str -2) [potion of mutation]
  1086 | D:2      | Lost mutation: You are dopey. (Int -2) [potion of mutation]
  1086 | D:2      | Gained mutation: You are agile. (Dex +2) [potion of mutation]
  1086 | D:2      | Gained mutation: Your spells are a little harder to cast, but a little more powerful. [potion of mutation]
  1086 | D:2      | Gained mutation: You tend to lose your temper in combat. [potion of mutation]
  1086 | D:2      | Lost mutation: You tend to lose your temper in combat. [potion of mutation]
  1092 | D:2      | XOM: enchant monster (bad)
  1113 | D:1      | HP: 1/37 [something (3)]
  1118 | D:1      | XOM: give mutations
  1118 | D:1      | Gained mutation: Your body sometimes deteriorates upon taking damage. [Xom's mischief]
  1118 | D:1      | Lost mutation: You are agile. (Dex +2) [Xom's mischief]
  1120 | D:1      | Slain by a howler monkey

Skill      XL: |  1 |
---------------+----+-----
Fighting       | 8 |  8.2
Axes           | |  2.6
Armour         | |  1.7
Dodging        | |  0.8

Action                   || total
-------------------------++-------
Melee: Hand axe          ||    72
       Kick              ||     7
  Use: Potion            ||     4
  Eat: Chunk             ||     1
Armor: Leather armour    ||    40
       Scale mail        ||    21
Dodge: Dodged            ||    37
